 Dungeon Crawl Stone Soup version 0.28-a0-1087-gf3fc490d9d (webtiles) character file.

Game seed: 8730900246466094335

51 dracfodder the Digger (level 3, 0/19 HPs)
             Began as a Gargoyle Earth Elementalist on Dec 10, 2021.
             Slain by a hobgoblin (2 damage)
             ... led by Robin
             ... on level 2 of the Dungeon.
             The game lasted 00:12:12 (1817 turns).

dracfodder the Digger (Gargoyle Earth Elementalist) Turns: 1817, Time: 00:12:13

Health: 0/19       AC:  5    Str: 11    XL:     3   Next: 81%
Magic:  1/7        EV: 11    Int: 17    God:
Gold:   60         SH:  0    Dex: 10    Spells: 2/7 levels left

rFire   . . .      SeeInvis .   a - +0 spear
rCold   . . .      Faith    .   (no shield)
rNeg    + . .      Spirit   .   b - +0 robe
rPois   ∞          Reflect  .   (helmet restricted)
rElec   +          Harm     .   h - +0 cloak
rCorr   .          Rampage  .   (no gloves)
Will    .....                   (no boots)
Stlth   ++........              g - amulet of the acrobat
HPRegen 0.06/turn               (no ring)
MPRegen 0.10/turn               (no ring)

@: no status effects
A: sickness immunity, AC +3, negative energy resistance 1, electricity
resistance, torment resistance 1, petrification resistance, antennae 2, deformed
body
a: no special abilities


You were on level 2 of the Dungeon.
You visited 1 branch of the dungeon, and saw 3 of its levels.

You collected 60 gold pieces.

Inventory:

Hand Weapons
 a - a +0 spear (weapon)
 l - a +0 trident
Missiles
 c - 9 stones
 d - 23 sling bullets
Armour
 b - a +0 robe (worn)
 h - a +0 cloak (worn)
Jewellery
 g - an amulet of the acrobat (around neck)
Scrolls
 e - a scroll of identify
 i - a scroll of immolation {unknown}
 k - a scroll of magic mapping {unknown}
Potions
 f - 2 potions of magic {unknown}
 j - a potion of curing {unknown}


   Skills:
 + Level 1.5 Dodging
 + Level 2.3 Stealth
 * Level 2.8 Spellcasting
 + Level 0.1 Translocations
 + Level 0.7 Transmutations
 * Level 4.8 Earth Magic


You had 2 spell levels left.
You knew the following spells:

 Your Spells              Type           Power      Damage    Failure   Level
a - Sandblast             Erth           36%        2d10      2%          1
b - Passwall              Tmut/Erth      9%         N/A       9%          2
c - Apportation           Tloc           4%         N/A       17%         1
d - Shock                 Conj/Air       8%         1d3       19%         1

Your spell library contained the following spells:

 Spells                   Type           Power      Damage    Failure   Level
 Ensorcelled Hibernation  Hex/Ice        4%         N/A       26%         2
 Stone Arrow              Conj/Erth      20%        3d8       21%         3
 Swiftness                Air            2%         N/A       47%         3
 Tukima's Dance           Hex            2%         N/A       47%         3
 Petrify                  Tmut/Erth      11%        N/A       50%         4
 Airstrike                Air            1%         N/A       87%         4
 Alistair's Intoxication  Tmut/Pois      2%         N/A       99%         5


Dungeon Overview and Level Annotations

Branches:
Dungeon (3/15)

Altars:


Innate Abilities, Weirdness & Mutations

You are immune to sickness and miasma.
Your stone body is resilient. (AC +3)
You are immune to poison.
You resist negative energy. (rN+)
You are resistant to electric shocks. (rElec)
You are resistant to unholy torment.
You are immune to petrification.
You have a pair of antennae on your head.
Armour fits poorly on your strangely shaped body.


Message History

The hobgoblin is severely wounded.
The goblin completely misses you. The hobgoblin barely misses you.
You hit the goblin.
The goblin is severely wounded.
The goblin completely misses you. The hobgoblin hits you.
You hit the goblin.
You kill the goblin!
The hobgoblin hits you but does no damage.
You closely miss the hobgoblin.
The hobgoblin is severely wounded.
The hobgoblin misses you.
You hit the hobgoblin but do no damage.
The hobgoblin is severely wounded.
Casting: Sandblast (safe; 2% risk of failure)
Confirm with . or Enter, or press ? or * to list all spells.
Aiming: Sandblast (safe; 2% risk of failure)
Press: ? - help, Shift-Dir - straight line, f - hobgoblin
Aim: a hobgoblin (79% to hit)
The blast of sand misses the hobgoblin.
The blast of sand hits the goblin.
The goblin is severely wounded.
c - 9 stones The hobgoblin barely misses you.
The hobgoblin hits you.
* * * LOW HITPOINT WARNING * * *
You hit the hobgoblin.
You kill the hobgoblin!
The hobgoblin hits you but does no damage.
Things that are here:
a +0 dagger; a +0 dagger You barely miss the hobgoblin.
The hobgoblin hits you but does no damage.
The goblin hits you with a +0 club.
* * * LOW HITPOINT WARNING * * *
Unknown command.
You hit the hobgoblin.
The hobgoblin is severely wounded.
The hobgoblin completely misses you.
You hit the hobgoblin but do no damage.
The hobgoblin is severely wounded.
The hobgoblin hits you.
You die...

#......# ###### #......#
#....######## #......#
#....#......#
#......#####....#......#..
#......##g.)))............
#......##g##.†..#......#..
#......##@##....#......#
#.........##....#......#
######.##.##....#......#
########.##.##....#......#
#...........################
#...........###########.....
#..........>................
#..........############.....
#..........# #.....


You could see a hobgoblin and a goblin.

Vanquished Creatures
  Robin (D:2)
  A worm (D:2)
  A dart slug (D:2)
  3 bats
  3 endoplasms
  4 goblins
  7 hobgoblins
  4 jackals (D:2)
  A kobold (D:2)
  2 quokkas
  2 ball pythons
  A rat (D:1)
30 creatures vanquished.

Notes
Turn   | Place    | Note
-------+----------+-------------------------------------------
     0 | D:1      | dracfodder the Gargoyle Earth Elementalist began the quest
                  | for the Orb.
     0 | D:1      | Reached XP level 1. HP: 10/10 MP: 3/3
   226 | D:1      | Reached skill level 4 in Earth Magic
   305 | D:1      | Reached XP level 2. HP: 15/15 MP: 3/5
   308 | D:1      | Learned a level 2 spell: Passwall
   431 | D:1      | Learned a level 1 spell: Apportation
   896 | D:2      | Gained mutation: Your muscles are strong. (Str +2) [potion
                  | of mutation]
   896 | D:2      | Lost mutation: Your muscles are strong. (Str +2) [potion of
                  | mutation]
   896 | D:2      | Gained mutation: Your flesh is heat resistant. (rF+)
                  | [potion of mutation]
   897 | D:2      | Lost mutation: Your flesh is heat resistant. (rF+) [potion
                  | of mutation]
   897 | D:2      | Gained mutation: Armour fits poorly on your strangely
                  | shaped body. [potion of mutation]
   897 | D:2      | Gained mutation: You have a pair of small antennae on your
                  | head. [potion of mutation]
   897 | D:2      | Gained mutation: You have a pair of antennae on your head.
                  | [potion of mutation]
  1107 | D:3      | Noticed an ice beast
  1121 | D:2      | Learned a level 1 spell: Shock
  1135 | D:2      | Reached XP level 3. HP: 4/19 MP: 1/6
  1775 | D:2      | Noticed Robin
  1794 | D:2      | Killed Robin
  1817 | D:2      | Slain by a hobgoblin

Illustrated notes

Levels and vault maps discovered:
D:1:      roderic_chinese_lattice_arrival, layout_basic
D:2:      layout_basic, amcnicky_mini_corridor_feature, uniq_robin
D:3:      layout_basic

Skill      XL: |  1 |
---------------+----+-----
Earth Magic    | 4 |  4.8
Dodging        | |  1.5
Stealth        | |  2.3
Spellcasting   | |  2.8
Translocations | |  0.1
Transmutations | |  0.7

Action                   || total
-------------------------++-------
Melee: Dagger            ||     6
       Spear             ||    28
 Cast: Sandblast         ||    34
       Shock             ||    11
       Apportation       ||     5
  Use: Potion            ||     2
       Scroll            ||     1
Armor: Robe              ||     7
Dodge: Dodged            ||    25

Table legend: (Time is in decaauts)
 A = Elapsed time spent in this place.
 B = Non-inter-level travel time spent in this place.
 C = Inter-level travel time spent in this place.
 D = Time resting spent in this place.
 E = Time spent auto-exploring this place.
 F = Levels seen in this place.
 G = Mean time per level.
                   A        B        C        D        E       F      G
               +--------+--------+--------+--------+--------+-----+--------+
         Total |   1820 |   1810 |     10 |    610 |    805 |   3 |  606.7 |
       Dungeon |   1820 |   1810 |     10 |    610 |    805 |   3 |  606.7 |
               +--------+--------+--------+--------+--------+-----+--------+

Top non-repeatable levels by time:
     D:2: 928 daAuts
     D:1: 890 daAuts
     D:3: 1 daAuts
